 Dungeon Crawl Stone Soup version 0.28.0-43-g3370ac3207 (webtiles) character file.

Game seed: 14615224213102851778

339 diana the Skirmisher (level 6, 0/51 HPs)
             Began as a Demonspawn Gladiator on Mar 19, 2022.
             Slain by an ogre
             ... wielding a +0 giant club
              (20 damage)
             ... on level 4 of the Dungeon.
             The game lasted 00:05:12 (3436 turns).

diana the Skirmisher (Demonspawn Gladiator)         Turns: 3436, Time: 00:05:13

Health: 0/51       AC: 10    Str: 16    XL:     6   Next: 29%
Magic:  6/6        EV: 12    Int:  9    God:
Gold:   164        SH:  0    Dex: 15    Spells: 5/5 levels left

rFire   . . .      SeeInvis .   a - +0 quarterstaff
rCold   . . .      Faith    .   (shield currently unavailable)
rNeg    . . .      Spirit   .   b - +0 leather armour
rPois   .          Reflect  .   c - +0 helmet
rElec   .          Harm     .   (no cloak)
rCorr   .          Rampage  .   (no gloves)
Will    .....                   (no boots)
Stlth   +.........              (no amulet)
HPRegen 0.17/turn               (no ring)
MPRegen 0.10/turn               (no ring)

@: sanguine armoured
A: powered by death 1, sanguine armour 1
a: no special abilities


You were on level 4 of the Dungeon.
You visited 1 branch of the dungeon, and saw 4 of its levels.

You collected 164 gold pieces.

Inventory:

Hand Weapons
 a - a +0 quarterstaff (weapon)
Missiles
 d - 3 throwing nets (quivered)
Armour
 b - a +0 leather armour (worn)
 c - a +0 helmet (worn)
 f - a +0 plate armour
Scrolls
 e - a scroll of acquirement {unknown}
 g - a scroll of silence {unknown}
 i - 2 scrolls of teleportation {unknown}
 l - a scroll of amnesia {unknown}
 n - a scroll of enchant weapon {unknown}
 o - a scroll of identify {unknown}
 p - a scroll of holy word {unknown}
 r - a scroll of immolation {unknown}
 s - a scroll of brand weapon {unknown}
Potions
 h - a potion of berserk rage {unknown}
 j - 2 potions of might {unknown}
 k - a potion of brilliance {unknown}
 m - 2 potions of resistance {unknown}
 q - a potion of invisibility {unknown}


   Skills:
 * Level 5.4 Fighting
 + Level 4.1 Staves
 - Level 1.7 Throwing
 + Level 1.4 Armour
 - Level 2.6 Dodging


You had 5 spell levels left.
You didn't know any spells.
Your spell library contained the following spells:

 Spells                   Type           Power      Damage    Failure   Level
 Freeze                   Ice            0%         1d3       45%         1
 Magic Dart               Conj           0%         1d3       45%         1
 Searing Ray              Conj           0%         2d4       58%         2
 Frozen Ramparts          Ice            0%         1d2       83%         3
 Fulminant Prism          Conj/Hex       0%         3d6       99%         4
 Hailstorm                Conj/Ice       0%         3d3       99%         4


Dungeon Overview and Level Annotations

Branches:
Dungeon (4/15)
 Temple: D:4-7

Altars:
Xom


Innate Abilities, Weirdness & Mutations

You regenerate a little health from kills.
When seriously injured, your blood forms armour. (AC +6)


Message History

You now have 164 gold pieces (gained 13).
A giant cockroach, a ball python, an ogre, a scorpion zombie and a hobgoblin come into view.
Found a scroll labelled OCOTIESASO, a dagger and 7 gold pieces.
The ball python hisses angrily.
The hobgoblin shouts!
The ogre shouts!
The hobgoblin barely misses you.
You hear a shout!
You hear an angry hiss.
There are monsters nearby!
You completely miss the ogre. The hobgoblin hits you.
You sock the ogre!
The ogre is moderately wounded.
The ogre hits you with a +0 giant club.
You hit the ogre.
The ogre is moderately wounded.
The ogre barely misses you.
You hit the ogre but do no damage.
The ogre is moderately wounded.
An adder comes into view.
The ogre barely misses you.
You hit the ogre.
The ogre is heavily wounded.
You barely miss the ogre.
The ogre is heavily wounded.
The ogre closely misses you.
You hit the ogre.
The ogre is severely wounded.
The ogre hits you with a +0 giant club!!
Your blood congeals into armour.
You sock the ogre!
The ogre is almost dead.
The ogre hits you with a +0 giant club!
* * * LOW HITPOINT WARNING * * *
You hear the rusting of a very distant drain.
You aren't carrying any items that you can evoke.
You hear the brisk rusting of a very distant drain.
The giant cockroach waves its antennae.
There is a stone staircase leading up here.
You closely miss the ogre.
The ogre is severely wounded.
The ogre hits you with a +0 giant club!!
You die...

#.#####.#######
#..........# #.
#.......SS.S..#
######.##### #.
#######.#####S#####
#.# #. ...# #.....#
#.########. #....#
###.###.####.##.....<.
#..###
#.......SS...##.######
#.. #.#.###..B......#
...
#.#.########.########
... #
#..@OSSB...........
##########.########
#.# #.# ..# ###


You could see an ogre, an adder, a giant cockroach and a ball python.

Vanquished Creatures
  A water moccasin skeleton (D:4)
  2 iguanas
  Jessica (D:2)
  2 orc wizards (D:4)
  7 adders
  An adder skeleton (D:4)
  2 worms (D:3)
  A dart slug (D:2)
  4 orcs
  9 ball pythons
  9 endoplasms
  4 giant cockroaches
  7 goblins
  6 hobgoblins
  6 jackals
  A quokka (D:3)
  A bat (D:2)
  5 frilled lizards
  10 kobolds
  8 rats
87 creatures vanquished.

Notes
Turn   | Place    | Note
-------+----------+-------------------------------------------
     0 | D:1      | diana the Demonspawn Gladiator began the quest for the Orb.
     0 | D:1      | Reached XP level 1. HP: 16/16 MP: 1/1
   204 | D:1      | Gained mutation: When seriously injured, your blood forms
                  | armour. (AC +6) [demonic ancestry]
   204 | D:1      | Reached XP level 2. HP: 22/23 MP: 2/2
   308 | D:1      | Found a faded altar of an unknown god.
   475 | D:1      | Reached skill level 3 in Fighting
   711 | D:1      | Reached XP level 3. HP: 29/29 MP: 3/3
  1322 | D:2      | Reached skill level 4 in Fighting
  1322 | D:2      | Gained mutation: You regenerate a little health from kills.
                  | [demonic ancestry]
  1322 | D:2      | Reached XP level 4. HP: 29/37 MP: 4/4
  1872 | D:2      | Noticed Jessica
  1882 | D:2      | Killed Jessica
  1883 | D:2      | Reached XP level 5. HP: 22/43 MP: 5/5
  2228 | D:3      | Identified the +3 trident "Mizoixzi" {flame, *Corrode rPois
                  | rN+++ Str-3}
  3048 | D:3      | Reached skill level 5 in Fighting
  3122 | D:4      | Found a shimmering altar of Xom.
  3130 | D:4      | Noticed a black bear
  3143 | D:4      | Reached skill level 1 in Armour
  3158 | D:4      | Reached XP level 6. HP: 32/51 MP: 6/6
  3436 | D:4      | Slain by an ogre

Illustrated notes

Levels and vault maps discovered:
D:1:      evilmike_arrival_hilbert_curve, layout_loops_ring,
          shapermc_ecumenical_altar_venn, minivault_24
D:2:      layout_basic, grunt_ministairs_1, amethyst_killhole, uniq_jessica
D:3:      layout_loops_ring
D:4:      layout_loops_ring, kennysheep_little_box, gup_sewer_entry_bowl,
          minmay_vboxes

Skill      XL: |  1  2  3  4  5 |
---------------+----------------+-----
Staves         | 3 4 |  4.1
Fighting       | 3 4 5 |  5.4
Armour         | 1 |  1.4
Throwing       | |  1.7
Dodging        | |  2.6

Action                   |  1- 3 |  4- 6 || total
-------------------------+-------+-------++-------
Melee: Quarterstaff      |   112 |   163 ||   275
 Stab: Sleeping          |     2 |     1 ||     3
Armor: Leather armour    |    31 |    35 ||    66
Dodge: Dodged            |    65 |    88 ||   153
